 Dungeon Crawl Stone Soup version 0.24.0-123-gd5b16e6ec5 (webtiles) character file.

Game seed: 8155442168542132806, levelgen mode: deterministic

15172 FishyPogo the Fighter (level 11, -2/107 HPs)
             Began as a Minotaur Gladiator on Jan 9, 2020.
             Was a High Priest of Okawaru.
             Succumbed to a death drake's dark miasma
             ... in a Gauntlet on Jan 11, 2020.
             The game lasted 00:47:56 (11760 turns).

FishyPogo the Fighter (Minotaur Gladiator)         Turns: 11760, Time: 00:47:57

Health: -2/107     AC: 12    Str: 22    XL:     11   Next: 98%
Magic:  0/10       EV: 17    Int:  5    God:    Okawaru [*****.]
Gold:   812        SH:  8    Dex: 15    Spells: 9/10 levels left

rFire    . . .     SeeInvis .   a - +2 war axe of Trial by Ordeal {chop, +Blink rElec Dex+3}
rCold    . . .     Gourm    .   W - +2 buckler
rNeg     . . .     Faith    .   m - +0 ring mail
rPois    .         Spirit   +   c - +0 hat
rElec    +         Reflect  .   L - +2 cloak {MR+}
rCorr    .         Harm     .   E - +0 pair of gloves
MR       ++...     NoTele   +   (no boots)
Stlth    +.........             x - amulet of guardian spirit
HPRegen  0.27/turn              G - ring of protection from magic
MPRegen  0.12/turn              y - +4 ring of evasion

@: lethally poisoned (-2 -> -14), slowed, heavily drained, very slow
A: retaliatory headbutt, horns 2
a: Heroism, Finesse, Renounce Religion, Evoke Blink


You were in a Gauntlet.
You worshipped Okawaru.
Okawaru was extremely pleased with you.
You were near starving.

You visited 2 branches of the dungeon, and saw 13 of its levels.
You also visited: Gauntlet.

You collected 812 gold pieces.

Inventory:

Hand Weapons
 a - the +2 war axe of Trial by Ordeal (weapon) {chop, +Blink rElec Dex+3}
   (You took it off an orc on level 9 of the Dungeon)

   It inflicts extra damage upon your enemies.
   It affects your dexterity (+3).
   It insulates you from electricity.
   It lets you blink.
 K - a +2 flail of protection
 U - a +3 falchion of holy wrath
Missiles
 d - 4 throwing nets
 i - 374 stones
 q - 11 javelins
 D - 3 curare-tipped darts
 F - 36 boomerangs (quivered)
 J - 5 silver javelins
 O - 3 silver boomerangs
 P - 32 poisoned darts
 S - 3 atropa-tipped darts
Armour
 b - a +1 chain mail of fire resistance
 c - a +0 hat (worn)
 h - the +3 salamander hide armour {+Rage rF++}
   (You found it in a Gauntlet)

   It greatly protects you from fire.
   It lets you go berserk.
 m - a +0 ring mail (worn)
 E - a +0 pair of gloves (worn)
 L - a +2 cloak of magic resistance (worn)
 T - a +1 shield
 W - a +2 buckler (worn)
Jewellery
 u - a +2 ring of dexterity
 x - an amulet of guardian spirit (around neck)
 y - a +4 ring of evasion (right hand)
 G - a ring of protection from magic (left hand)
Wands
 w - a wand of disintegration (8)
 N - a wand of random effects (56)
Scrolls
 e - 11 scrolls of identify
 j - 2 scrolls of enchant weapon
 l - 2 scrolls of remove curse
 n - a scroll of magic mapping
 p - a scroll of fear
 r - 2 scrolls of blinking
 s - 5 scrolls of immolation
 t - 4 scrolls of teleportation
 A - a scroll of enchant armour
 C - 2 scrolls of amnesia
Potions
 g - 3 potions of might
 o - a potion of invisibility
 v - 4 potions of curing
 z - 2 potions of flight {unknown}
 B - 4 potions of agility {unknown}
 Q - a potion of lignification {unknown}
 R - a potion of mutation {unknown}
Comestibles
 f - 26 rations


   Skills:
 + Level 13.3(11.1) Fighting
 + Level 4.6(4.3) Axes
 - Level 6.2(5.1) Maces & Flails
   Level 5.0(3.1) Bows
 - Level 5.0(3.2) Throwing
 + Level 12.0(9.8) Armour
 - Level 6.0(4.1) Dodging
 * Level 8.3(6.3) Shields
 + Level 0.9(0.0) Invocations


You had 9 spell levels left.
You knew the following spells:

 Your Spells              Type           Power        Failure   Level  Hunger
a - Apportation           Tloc           #.....       61%         1    ##.....

Your spell library contained the following spells:

 Spells                   Type           Power        Failure   Level  Hunger
 Animate Skeleton         Necr           N/A          61%         1    ##.....
 Confusing Touch          Hex            #.....       61%         1    ##.....
 Magic Dart               Conj           #...         61%         1    ##.....
 Pain                     Necr           #...         61%         1    ##.....
 Summon Small Mammal      Summ           #...         61%         1    ##.....
 Blink                    Tloc           N/A          75%         2    ###....
 Call Imp                 Summ           #.......     75%         2    ###....
 Slow                     Hex            #.......     75%         2    ###....
 Confuse                  Hex            #.......     93%         3    ####...
 Conjure Flame            Conj/Fire      #.......     93%         3    ####...
 Gell's Gravitas          Tloc           #.........   93%         3    ####...
 Mephitic Cloud           Conj/Pois/Air  #.......     93%         3    ####...
 Regeneration             Chrm/Necr      #.........   93%         3    ####...
 Vampiric Draining        Necr           #.........   93%         3    ####...
 Animate Dead             Necr           N/A          100%        4    #####..
 Petrify                  Tmut/Erth      #.......     100%        4    #####..
 Metabolic Englaciation   Hex/Ice        #.........   100%        5    ######.
 Yara's Violent Unravell  Hex/Tmut       #.........   100%        5    ######.


Dungeon Overview and Level Annotations

Branches:
Dungeon (12/15)            Temple (1/1) D:4            Lair (0/6) D:9
    Orc (0/2) D:10        Gauntlet (1/1)

Altars:
Ashenzari
Cheibriados
Dithmenos
Elyvilon
Fedhas
Gozag
Hepliaklqana
Kikubaaqudgha
Makhleb
Nemelex Xobeh
Okawaru
Qazlal
Ru
Sif Muna
Trog
Uskayaw
Vehumet
Wu Jian
Xom
Yredelemnul
Zin
The Shining One

Portals:
Trove: D:11 (give +3 gold dragon scales)

Annotations:
D:9 3 runed translucent doors, Andrea's ghost, novice OpWz
D:12 1 runed translucent door, Baher's ghost, journeyman GnWn Gauntlet 13 transporters


Innate Abilities, Weirdness & Mutations

You reflexively headbutt those who attack you in melee.
You have a pair of horns on your head.


Message History

The wolf spider zombie hits you but does no damage.
You block the wolf spider zombie's attack.
The wolf spider zombie closely misses you.
You furiously retaliate!
You headbutt the wolf spider zombie. The wolf spider zombie bites you!
* * * LOW HITPOINT WARNING * * *
You feel better. The death drake breathes miasma at you.
The foul vapour engulfs the wolf spider zombie.
The wolf spider zombie completely resists.
The wolf spider zombie barely misses you.
You furiously retaliate!
You headbutt the wolf spider zombie.
The wolf spider zombie bites you but does no damage.
The wolf spider zombie completely misses you.
The wolf spider zombie bites you.
* * * LOW HITPOINT WARNING * * *
You are engulfed in dark miasma.
You are lethally poisoned!
* * * LOW HITPOINT WARNING * * *
You die...

### ### ### ### ### #
#8# #8# #8# #8# #8# #
######################
###≈....................
#8#.....................
###.###########.########
#.#°°@.©![..#.#...=©$$
###.##°##.#####.#..##.##
#8#.##Z##.##.^#.#.#..#..
###.##kZZ°#...#.#.#..#..
#.###°##.##.#.#..#####
###.###.##.##©#.#.#..#©.
#8#.#^.....#○.#.#.#..#..
###.#.##.##.###.#y.##.##
#.#.^#.##.###.#y......


You could see a death drake, a spectral centaur warrior, a wolf spider zombie
and a centaur warrior zombie.

Vanquished Creatures
  A two-headed ogre (D:11)
  A tengu warrior (D:11)
  An unseen horror (D:9)
  A cyclops (D:11)
  A manticore (D:11)
  3 centaur zombies
  A centaur skeleton (D:10)
  Maurice (D:11)
  2 komodo dragons (D:9)
  A troll (D:11)
  A hornet (D:11)
  3 wyverns
  A spriggan (D:7)
  2 centaur simulacra (Gauntlet)
  A human (D:10)
  10 yaks
  Menkaure (D:4)
  2 water moccasins
  A swamp drake (D:9)
  7 orc warriors
  2 ice beasts
  A black bear (D:11)
  3 phantoms
  A sky beast (D:5)
  2 necrophages (D:12)
  4 ogres
  5 centaurs
  2 crocodiles
  2 big kobolds
  6 bullfrogs
  2 scorpions
  A hornet simulacrum (Gauntlet)
  49 killer bees
  6 howler monkeys
  A wight (D:12)
  6 crimson imps
  A bullfrog zombie (D:5)
  11 orc priests
  2 jellies
  5 bullfrog skeletons
  6 hounds
  8 worker ants
  An iguana (D:4)
  21 orc wizards
  A bullfrog simulacrum (Gauntlet)
  3 hound skeletons
  A worker ant zombie (D:9)
  14 adders
  A howler monkey skeleton (D:9)
  7 shadow imps
  2 adder skeletons
  2 worms (D:2)
  A dart slug (D:3)
  A leopard gecko (D:3)
  58 orcs
  4 ball pythons
  7 bats
  3 giant cockroaches
  10 goblins
  6 hobgoblins
  19 jackals
  14 kobolds
  6 quokkas
  8 frilled lizards
  A giant cockroach zombie (D:5)
  A jackal skeleton (D:5)
  9 rats
369 creatures vanquished.

Vanquished Creatures (others)
  5 fungi (Gauntlet)
  8 plants (Gauntlet)
13 creatures vanquished.

Grand Total: 382 creatures vanquished

Notes
Turn   | Place    | Note
-------+----------+-------------------------------------------
     0 | D:1      | FishyPogo the Minotaur Gladiator began the quest for the
                  | Orb.
     0 | D:1      | Reached XP level 1. HP: 18/18 MP: 0/0
   107 | D:1      | Reached XP level 2. HP: 12/25 MP: 1/1
   322 | D:1      | Reached skill level 1 in Armour
   475 | D:1      | Reached skill level 3 in Fighting
   961 | D:2      | Reached XP level 3. HP: 31/31 MP: 2/2
  1185 | D:2      | Reached XP level 4. HP: 30/38 MP: 3/3
  1191 | D:2      | Found a shimmering altar of Xom.
  1192 | D:2      | Found a glowing silver altar of Zin.
  1194 | D:2      | Found a hide-covered altar of Uskayaw.
  1196 | D:2      | Found a blossoming altar of Fedhas.
  1197 | D:2      | Found a hazy altar of Hepliaklqana.
  1547 | D:3      | Reached skill level 4 in Fighting
  1582 | D:3      | Reached XP level 5. HP: 46/46 MP: 4/4
  2437 | D:4      | Noticed a phantom
  2471 | D:4      | Killed a phantom
  2471 | D:4      | Reached XP level 6. HP: 52/53 MP: 5/5
  2667 | D:4      | Learned a level 1 spell: Apportation
  2732 | D:4      | Noticed Menkaure
  2887 | D:4      | Killed Menkaure
  2887 | D:4      | Reached skill level 5 in Fighting
  2966 | D:4      | Found a staircase to the Ecumenical Temple.
  2983 | Temple   | Entered the Ecumenical Temple
  3024 | Temple   | Became a worshipper of Warmaster Okawaru
  3177 | D:4      | Reached XP level 7. HP: 52/61 MP: 6/6
  3325 | D:4      | Reached skill level 5 in Maces & Flails
  3445 | D:5      | Entered Level 5 of the Dungeon
  3616 | D:5      | Reached skill level 5 in Armour
  3652 | D:5      | Reached skill level 6 in Fighting
  3705 | D:5      | Found an ornate altar of the Wu Jian Council.
  3919 | D:5      | Reached * piety under Okawaru
  3919 | D:5      | Reached skill level 5 in Dodging
  3972 | D:5      | Found Loolokhli's Antique Weapon Emporium.
  4133 | D:5      | Reached XP level 8. HP: 64/71 MP: 7/7
  4699 | D:6      | Reached skill level 7 in Fighting
  5012 | D:7      | Found a blossoming altar of Fedhas.
  5033 | D:7      | Reached ** piety under Okawaru
  5130 | D:7      | Found the +8 longbow "Zephyr" {speed, Dex+3 SInv}
  5709 | D:8      | Reached skill level 8 in Fighting
  5709 | D:8      | Reached XP level 9. HP: 67/81 MP: 8/8
  5726 | D:8      | Reached skill level 1 in Bows
  5757 | D:8      | Reached *** piety under Okawaru
  5757 | D:8      | Reached skill level 5 in Throwing
  5757 | D:8      | Received a gift from Okawaru
  5758 | D:8      | Reached skill level 9 in Fighting
  6630 | D:8      | Reached **** piety under Okawaru
  6630 | D:8      | Reached skill level 10 in Fighting
  6948 | D:8      | Noticed a troll
  6953 | D:8      | Noticed a troll
  6954 | D:8      | Noticed a troll
  6968 | D:8      | Reached XP level 10. HP: 93/93 MP: 9/9
  6985 | D:8      | Received a gift from Okawaru
  7058 | D:7      | Reached skill level 10 in Armour
  7143 | D:7      | Reached skill level 1 in Shields
  8132 | D:9      | Reached skill level 5 in Bows
  8166 | D:9      | Received a gift from Okawaru
  8196 | D:9      | Identified the +2 war axe of Trial by Ordeal {chop, +Blink
                  | rElec Dex+3}
  8212 | D:9      | Reached skill level 11 in Fighting
  8225 | D:9      | Noticed an unseen horror
  8237 | D:9      | Reached ***** piety under Okawaru
  8252 | D:9      | Found a runed translucent gate.
  8253 | D:9      | Found a runed translucent gate.
  8255 | D:9      | Found a runed translucent gate.
  8255 | D:9      | Noticed a spectral centaur warrior
  8256 | D:9      | Noticed a spectral centaur warrior
  8256 | D:9      | Noticed Andrea's ghost (novice OpWz)
  8274 | D:9      | Killed an unseen horror
  8274 | D:9      | Reached skill level 5 in Shields
  8888 | D:9      | Reached skill level 1 in Axes
  8915 | D:9      | Reached XP level 11. HP: 96/102 MP: 10/10
  8940 | D:9      | Found a staircase to the Lair.
  9181 | D:10     | Entered Level 10 of the Dungeon
  9357 | D:10     | Received a gift from Okawaru
  9425 | D:10     | Found a staircase to the Orcish Mines.
  9565 | D:10     | Reached skill level 12 in Fighting
  9912 | D:11     | Noticed a tengu warrior
  9921 | D:11     | Killed a tengu warrior
 10025 | D:11     | Found a portal to a secret trove of treasure.
 10066 | D:11     | Noticed Maurice
 10085 | D:11     | Killed Maurice
 10653 | D:11     | Noticed a two-headed ogre
 10659 | D:11     | Killed a two-headed ogre
 10659 | D:11     | Reached skill level 13 in Fighting
 10770 | D:11     | Received a gift from Okawaru
 11013 | D:12     | Noticed Baher's ghost (journeyman GnWn)
 11033 | D:12     | Found a runed translucent door.
 11033 | D:12     | Found a gate leading to a gauntlet.
 11058 | D:12     | Reached ****** piety under Okawaru
 11196 | Gauntlet | Entered a Gauntlet
 11196 | Gauntlet | Found a transporter.
 11205 | Gauntlet | Found a transporter.
 11205 | Gauntlet | Noticed a queen ant
 11220 | Gauntlet | Found a transporter.
 11225 | Gauntlet | Found a transporter.
 11240 | Gauntlet | Found a transporter.
 11259 | Gauntlet | Found a transporter.
 11269 | Gauntlet | Noticed a wizard
 11269 | Gauntlet | Noticed a wizard
 11271 | Gauntlet | Found a transporter.
 11280 | Gauntlet | Noticed a sixfirhy
 11283 | Gauntlet | Found a transporter.
 11284 | Gauntlet | Noticed a sixfirhy
 11284 | Gauntlet | Noticed a sixfirhy
 11286 | Gauntlet | Noticed a sixfirhy
 11295 | Gauntlet | Found a transporter.
 11307 | Gauntlet | Found a transporter.
 11307 | Gauntlet | Noticed a death drake
 11326 | Gauntlet | Found a transporter.
 11341 | Gauntlet | Found a transporter.
 11343 | Gauntlet | Found a transporter.
 11343 | Gauntlet | Noticed a soul eater
 11369 | Gauntlet | Found a transporter.
 11371 | Gauntlet | Found a transporter.
 11390 | Gauntlet | Found the +3 salamander hide armour {+Rage rF++}
 11391 | Gauntlet | Found a transporter.
 11469 | Gauntlet | Found a transporter.
 11489 | Gauntlet | Found a transporter.
 11605 | Gauntlet | Received a gift from Okawaru
 11757 | Gauntlet | HP: 4/107 [poisoned by a death drake (dark miasma)]
 11760 | Gauntlet | HP: 1/107 [death drake] (7)]
 11760 | Gauntlet | Succumbed to a death drake's dark miasma

Levels and vault maps discovered:
D:1:      minmay_arrival_hallway, layout_basic
D:2:      layout_loops_ring, grunt_temple_overflow_open, first_ration,
          minmay_circle_x
D:3:      layout_basic
D:4:      layout_basic, minmay_temple_entry_wispy, uniq_menkaure
D:5:      layout_basic, marbit_many_paths, serial_shops,
          nicolae_shop_overgrown_old_shop, hangedman_decor_slide_cut,
          serial_park_tiny_pond, st_stairs_9
D:6:      layout_basic
D:7:      layout_basic, basic_altar, the_bakery
D:8:      wad_woods_minihive, layout_basic
D:9:      layout_basic, erik_lair_dragon, gammafunk_ghost_necromancy,
          minmay_mirror_moons_of_madness
D:10:     layout_roguey, erik_orc_4, minmay_fountain_box
D:11:     layout_roguey, nicolae_trove_entry_crossroad, uniq_maurice
D:12:     layout_stronghold, hellmonk_ghost_happy_afterlife,
          gauntlet_entry_generic, serial_undead, serial_undead_f,
          serial_undead_c, serial_undead_d, serial_undead_e, serial_undead_a,
          serial_undead_c, serial_undead_b, serial_undead_b
Temple:   eino_temple_scatter_basement
Gauntlet: gammafunk_gauntlet_one_two_three [gammafunk_gauntlet_arena_grid,
          gammafunk_gauntlet_arena_mazey, gammafunk_gauntlet_arena_chambers,
          gammafunk_gauntlet_arena_corners, nicolae_gauntlet_arena_flowing_pool,
          gammafunk_gauntlet_arena_arrow_garden, nicolae_gauntlet_arena_x,
          nicolae_gauntlet_arena_quarters, gammafunk_gauntlet_arena_crates,
          gauntlet_exit_green]

Skill      XL: |  1  2  3  4  5  6  7  8  9 10 11 |
---------------+----------------------------------+-----
Armour         | 1 2 3 4 5 7 9 11 12 | 12.0
Fighting       | 3 4 5 6 8 10 11 13 | 13.3
Maces & Flails | 4 5 6 |  6.2
Dodging        | 4 5 6 |  6.0
Throwing       | 3 4 5 |  5.0
Bows           | 3 5 |  5.0
Shields        | 6 8 |  8.3
Axes           | 1 4 |  4.6
Invocations    | |  0.9

Action                   |  1- 3 |  4- 6 |  7- 9 | 10-12 || total
-------------------------+-------+-------+-------+-------++-------
Melee: Flail             |    78 |   116 |   285 |   144 ||   623
       Headbutt          |     8 |    28 |    55 |   106 ||   197
       War axe           |       |       |       |   286 ||   286
       Falchion          |       |       |       |    28 ||    28
 Fire: Longbow           |       |       |       |    12 ||    12
Throw: Stone             |     2 |    39 |    69 |       ||   110
       Javelin           |       |       |     2 |       ||     2
       Boomerang         |       |       |       |    10 ||    10
 Abil: Evoke Blink       |       |       |       |     1 ||     1
Evoke: Wand              |       |       |     1 |       ||     1
  Use: Potion            |       |       |     5 |    11 ||    16
       Scroll            |       |       |     4 |    10 ||    14
 Stab: Invisible         |       |       |     5 |       ||     5
       Sleeping          |       |       |       |     1 ||     1
  Eat: Chunk             |     1 |     6 |    13 |    14 ||    34
Armor: Leather armour    |     9 |       |       |       ||     9
       Ring mail         |    18 |    52 |   123 |   135 ||   328
Dodge: Dodged            |    55 |    92 |   336 |   439 ||   922
Block: Buckler           |       |       |       |   131 ||   131
       Rpst.: Falchion   |       |       |       |     7 ||     7
